 Dungeon Crawl Stone Soup version 0.30-a0-651-g0755cc6dcf (webtiles) character file.

Game seed: 16185929072550144628

194 Rrauwl the Shooter (level 5, -4/30 HPs)
             Began as a Tengu Hunter on Jan 18, 2023.
             Slain by a gnoll
             ... wielding a +0 flail
              (5 damage)
             ... on level 4 of the Dungeon.
             The game lasted 00:04:54 (2017 turns).

Rrauwl the Shooter (Tengu Hunter)                   Turns: 2017, Time: 00:04:54

Health: -4/30      AC:  3    Str: 11    XL:     5   Next: 73%
Magic:  6/6        EV: 15    Int:  9    God:
Gold:   184        SH:  0    Dex: 20    Spells: 4/4 levels left

rFire   . . .      SeeInvis .    a - +0 shortbow
rCold   . . .      Faith    .    (shield currently unavailable)
rNeg    . . .      Spirit   .    c - +0 leather armour
rPois   +          Reflect  .    (helmet restricted)
rElec   .          Harm     .    (no cloak)
rCorr   .          Rampage  .    (no gloves)
Will    .....                    (boots unavailable)
Stlth   ++                       (no amulet)
HPRegen 0.25/turn                j - ring of poison resistance
MPRegen 0.10/turn                (no ring)

@: flying quickly and evasively, quick
A: beak, talons 3, nimble flight
a: no special abilities


You were on level 4 of the Dungeon.
You visited 1 branch of the dungeon, and saw 4 of its levels.

You collected 184 gold pieces.

Inventory:

Hand Weapons
 a - a +0 shortbow (weapon)
 b - a +4 whip
Armour
 c - a +0 leather armour (worn)
Jewellery
 j - a ring of poison resistance (left hand)
Wands
 m - a wand of flame (10)
Scrolls
 e - a scroll of torment {unknown}
 f - 2 scrolls of immolation
 g - a scroll of fog {unknown}
 h - 3 scrolls of identify {unknown}
 i - 2 scrolls of teleportation {unknown}
 k - a scroll of enchant weapon {unknown}
 l - a scroll of vulnerability {unknown}
 p - a scroll of poison {unknown}
Potions
 d - 2 potions of mutation {unknown}
 n - a potion of curing {unknown}
 o - a potion of heal wounds {unknown}


   Skills:
 - Level 2.0 Fighting
 + Level 7.1 Ranged Weapons
 - Level 3.0 Dodging
 - Level 1.0 Stealth


You had 4 spell levels left.
You didn't know any spells.
Your spell library was empty.

Dungeon Overview and Level Annotations

Branches:
Dungeon (4/15)
 Temple: D:4-7

Altars:
Zin


Innate Abilities, Weirdness & Mutations

You have a beak for a mouth.
You have claws for feet.
Your magical nature lets you fly swiftly and evasively.


Message History

The gnoll completely misses you.
You shoot an arrow.
The arrow hits the gnoll but does no damage.
The gnoll completely misses you. The gnoll closely misses you.
The gnoll hits you with a +0 flail.
You shoot an arrow. The arrow barely misses the gnoll.
The gnoll barely misses you. The gnoll closely misses you.
You shoot an arrow. The arrow hits the gnoll.
The gnoll is lightly wounded.
The gnoll closely misses you. x2
You shoot an arrow. The arrow barely misses the gnoll.
The gnoll hits you with a +0 flail!
The gnoll hits you from afar with a +0 halberd.
You shoot an arrow. The arrow hits the gnoll.
The gnoll is heavily wounded.
The gnoll barely misses you. x2
The gnoll closely misses you.
You shoot an arrow. The arrow hits the gnoll.
The gnoll is almost dead.
The gnoll hits you with a +0 flail. The gnoll closely misses you.
You are too injured to fight recklessly!
You are too injured to fight recklessly!
Fire: a) +0 shortbow
Press: ? - help, Q - select action, (/) - cycle Shift-Dir - straight line, f/p - gnoll
Aim: a gnoll, wielding a +0 flail (almost dead, 69% to hit)
You shoot an arrow.
The arrow hits the gnoll but does no damage.
The gnoll is almost dead.
The gnoll barely misses you. The gnoll closely misses you.
Fire: a) +0 shortbow
Press: ? - help, Q - select action, (/) - cycle Shift-Dir - straight line, f/p - gnoll
Aim: a gnoll, wielding a +0 flail (almost dead, 69% to hit)
You shoot an arrow. The arrow barely misses the gnoll.
The arrow hits the gnoll.
The gnoll is almost dead.
The gnoll hits you from afar with a +0 halberd!
Ouch! That really hurt!
* * * LOW HITPOINT WARNING * * *
The gnoll hits you with a +0 flail.
You die...

#.####'# ##..#.#.# ...
#.......# ...
#####...# ....
######...# .....
#.......)##.....
######.#g.......
#######g.......
########<.....@......#
.........#####.#.....#
.........# #.###<#.#
.........# #.# .# .
.........# #.# #
.........# #.#
.........# #.#
.........# #.#
##########


You could see 2 gnolls.

Vanquished Creatures
  An orc priest (D:3)
  4 gnolls
  5 adders
  3 worms
  2 dart slugs
  7 orcs
  5 ball pythons
  6 endoplasms
  A giant cockroach (D:2)
  5 goblins
  3 hobgoblins
  2 jackals (D:1)
  2 quokkas
  4 bats
  3 frilled lizards
  8 kobolds
  5 rats
66 creatures vanquished.

Vanquished Creatures (others)
  A plant (D:3)
1 creature vanquished.

Grand Total: 67 creatures vanquished

Notes
Turn   | Place    | Note
-------+----------+-------------------------------------------
     0 | D:1      | Rrauwl the Tengu Hunter began the quest for the Orb.
     0 | D:1      | Reached XP level 1. HP: 12/12 MP: 2/2
   102 | D:1      | Reached XP level 2. HP: 17/17 MP: 3/3
   164 | D:1      | Found a faded altar of an unknown god.
   533 | D:1      | Reached XP level 3. HP: 21/21 MP: 4/4
   586 | D:1      | Reached skill level 5 in Ranged Weapons
   755 | D:2      | Reached XP level 4. HP: 26/26 MP: 5/5
   899 | D:2      | Reached skill level 6 in Ranged Weapons
  1393 | D:3      | Gained mutation: Your magical nature lets you fly swiftly
                  | and evasively. [Tengu growth]
  1393 | D:3      | Reached XP level 5. HP: 30/30 MP: 6/6
  1510 | D:3      | Found a glowing silver altar of Zin.
  1943 | D:3      | Reached skill level 7 in Ranged Weapons
  2017 | D:4      | HP: 1/30 [gnoll/+0 halberd (15)]
  2017 | D:4      | Slain by a gnoll

Illustrated notes

Levels and vault maps discovered:
D:1:      nzn_arrival_water_spiral, layout_loops_ring,
          hellmonk_ecumenical_altar_blasted
D:2:      layout_basic
D:3:      layout_basic, zin_statuary, serial_bayou, serial_bayou_shore_a,
          serial_bayou_pond_e, serial_bayou_lagoon_b, serial_bayou_pond_a,
          grunt_ministairs_9, chequers_mini_garden
D:4:      layout_basic, gup_sewer_entry_pipe

Skill      XL: |  1  2  3  4  5 |
---------------+----------------+-----
Dodging        | 3 |  3.0
Ranged Weapons | 5 6 7 |  7.1
Fighting       | |  2.0
Stealth        | |  1.0

Action                   |  1- 3 |  4- 6 || total
-------------------------+-------+-------++-------
 Fire: Shortbow          |    78 |   133 ||   211
Armor: Leather armour    |     6 |     9 ||    15
Dodge: Dodged            |    17 |    44 ||    61

Table legend: (Time is in decaauts)
 A = Elapsed time spent in this place.
 B = Non-inter-level travel time spent in this place.
 C = Inter-level travel time spent in this place.
 D = Time resting spent in this place.
 E = Time spent auto-exploring this place.
 F = Levels seen in this place.
 G = Mean time per level.
                   A        B        C        D        E       F      G
               +--------+--------+--------+--------+--------+-----+--------+
         Total |   2029 |   1916 |    113 |      0 |   1508 |   4 |  507.2 |
       Dungeon |   2029 |   1916 |    113 |      0 |   1508 |   4 |  507.2 |
               +--------+--------+--------+--------+--------+-----+--------+

Top non-repeatable levels by time:
     D:3: 711 daAuts
     D:1: 691 daAuts
     D:2: 565 daAuts
     D:4: 61 daAuts
